 Dungeon Crawl Stone Soup version 0.20-a0-522-g0b37eee (webtiles) character file.

399 Duffy the Chopper (level 6, 0/56 HPs)
             Began as a Naga Fighter on Jan 25, 2017.
             Slain by a wight
             ... wielding a +0 mace
              (5 damage)
             ... on level 6 of the Dungeon.
             The game lasted 00:02:23 (3064 turns).

Duffy the Chopper (Naga Fighter)                    Turns: 3064, Time: 00:02:24

Health: 0/56       AC:  5    Str: 20    XL:     6   Next: 84%
Magic:  6/6        EV:  5    Int:  9    God:
Gold:   111        SH:  9    Dex: 10    Spells: 5/5 levels left

rFire    . . .     SeeInvis +   a - +0 war axe
rCold    . . .     Gourm    .   b - +0 scale mail
rNeg     . . .     Faith    .   c - +0 shield
rPois    +         Spirit   .   (no helmet)
rElec    .         Reflect  .   (no cloak)
rCorr    .         Harm     .   (no gloves)
MR       .....                  (no barding)
Stlth    ..........             (no amulet)
Regen    0.2/turn               (no ring)
                                (no ring)

@: heavily drained, very slow
A: see invisible, deformed body, poison resistance, slowness 2, slow metabolism
1, spit poison 1, AC +2
a: Spit Poison


You were on level 6 of the Dungeon.
You were not hungry.

You visited 1 branch of the dungeon, and saw 6 of its levels.

You collected 111 gold pieces.

Inventory:

Hand Weapons
 a - a +0 war axe (weapon)
Armour
 b - a +0 scale mail (worn)
 c - a +0 shield (worn)
Scrolls
 g - 3 scrolls of identify {unknown}
 h - 2 scrolls of recharging {unknown}
 m - 2 scrolls of teleportation {unknown}
Potions
 d - a potion of might
 e - a potion of lignification {unknown}
 i - 2 potions of ambrosia {unknown}
 j - a potion of berserk rage {unknown}
 l - 3 potions of haste {unknown}
 n - a potion of curing {unknown}
 o - a potion of mutation {unknown}
 p - a potion of resistance {unknown}
 q - a potion of magic {unknown}
Comestibles
 f - 2 bread rations
 k - 2 royal jellies
 r - 4 chunks of flesh
 s - a meat ration


   Skills:
 - Level 3.0(1.8) Fighting
 + Level 5.2(3.9) Axes
 - Level 2.4(1.2) Armour
 + Level 4.6(3.3) Shields


You had 5 spell levels left.
You didn't know any spells.

Dungeon Overview and Level Annotations

Branches:
Dungeon (6/15)
 Temple: D:4-7

Altars:

Annotations:
D:5 anet's ghost, novice DEWz


Innate Abilities, Weirdness & Mutations

You cannot wear boots.
Your serpentine skin is tough. (AC +2)
You have supernaturally acute eyesight. (SInv)
Armour fits poorly on your strangely shaped body.
Your system is resistant to poisons. (rPois)
You cover ground very slowly.
You have a slow metabolism.
You can spit poison.


Message History

You are too injured to fight recklessly!
You slash the wight!
You destroy the wight!
You closely miss the wight. The wight hits you with a mace. x2
You hit the wight.
The wight is moderately damaged.
The wight hits you with a mace!
You barely miss the wight.
The wight is moderately damaged.
The wight hits you with a mace.
You hit the wight.
The wight is heavily damaged.
The wight hits you with a mace.
You feel drained.
You closely miss the wight.
The wight is heavily damaged.
The wight barely misses you.
You closely miss the wight.
The wight is heavily damaged.
The wight hits you with a mace.
You die...

#. ..... #.#
####...... ###..
###......... ......
##...##.)....
###...##..#### .....
.............# ....
###...#z####........
#..# #z# ###. .. ...
#@### # # #...#
###.### #...#####
###.)<).# #####..#
#.# .# #


You could see 2 wights.

Vanquished Creatures
  A bullfrog (D:6)
  A wight (D:6)
  2 hounds (D:5)
  3 orc priests
  Jessica (D:2)
  A worker ant (D:5)
  A hound zombie (D:5)
  2 adders
  2 oozes
  3 dart slugs
  3 leopard geckos
  6 orcs
  A ball python (D:1)
  6 bats (D:1)
  2 giant cockroaches
  4 goblins (D:1)
  3 hobgoblins
  2 jackals (D:4)
  4 kobolds
  A quokka (D:5)
  6 rats
55 creatures vanquished.

Notes
Turn   | Place    | Note
-------+----------+-------------------------------------------
     0 | D:1      | Duffy the Naga Fighter began the quest for the Orb.
     0 | D:1      | Reached XP level 1. HP: 21/21 MP: 1/1
   167 | D:1      | Reached XP level 2. HP: 18/28 MP: 2/2
   714 | D:1      | Reached XP level 3. HP: 34/34 MP: 3/3
  1054 | D:2      | Reached skill level 3 in Axes
  1071 | D:2      | Noticed Jessica
  1080 | D:2      | Killed Jessica
  1080 | D:2      | Reached XP level 4. HP: 28/42 MP: 4/4
  1388 | D:5      | Entered Level 5 of the Dungeon
  1394 | D:5      | Reached XP level 5. HP: 12/49 MP: 5/5
  1639 | D:4      | Reached skill level 4 in Axes
  2515 | D:6      | Reached XP level 6. HP: 43/56 MP: 6/6
  2760 | D:5      | Noticed anet's ghost (novice DEWz)
  2967 | D:6      | Reached skill level 5 in Axes
  3064 | D:6      | Slain by a wight

Vault maps used:
D:1:      minmay_arrival_arboretum_small
D:2:      marbit_many_paths, nicolae_overflow_hidden_temple, st_stairs_6,
          uniq_jessica
D:3:      nicolae_overflow_crystal_walls, uniq_purgy, uniq_grinder, uniq_terence
D:5:      first_bread
D:6:      old_standard_altar, minmay_temple_entry_junction, basic_altar,
          uniq_blork_the_orc

Skill      XL: |  1  2  3  4  5  6 |
---------------+-------------------+-----
Shields        | 3 4 |  4.6
Axes           | 3 4 5 |  5.2
Fighting       | |  3.0
Armour         | |  2.4

Action                   |  1- 3 |  4- 6 || total
-------------------------+-------+-------++-------
Melee: War axe           |    80 |   129 ||   209
 Abil: Spit Poison       |     1 |     6 ||     7
  Eat: Chunk             |       |     5 ||     5
Armor: Scale mail        |    37 |    36 ||    73
Dodge: Dodged            |    14 |    44 ||    58
Block: Shield            |    42 |    62 ||   104
